 Dungeon Crawl Stone Soup version 0.31.0-9-g3a7656b989 (webtiles) character file.

Game seed: 17890527940192369197

117 qw the Skirmisher (level 4, -4/25 HPs)
             Began as a Deep Elf Hunter on Feb 3, 2024.
             Slain by a cerulean imp
             ... wielding a +2 spear
             ... summoned by Natasha
              (5 damage)
             ... on level 3 of the Dungeon.
             The game lasted 00:00:06 (1293 turns).

qw the Skirmisher (Deep Elf Hunter)                 Turns: 1293, Time: 00:00:06

Health: -4/25      AC:  6    Str: 10    XL:     4   Next: 71%
Magic:  6/6        EV: 11    Int: 14    God:
Gold:   171        SH:  0    Dex: 18    Spells: 3/3 levels left

rFire   . . .        a - +1 shortbow
rCold   . . .        (shield currently unavailable)
rNeg    . . .        f - +1 ring mail
rPois   .            (no helmet)
rElec   .            (no cloak)
rCorr   .            (no gloves)
SInv    .            (no boots)
Will    .....        (no amulet)
Stlth   +            (no ring)
HPRegen 0.24/turn    (no ring)
MPRegen 0.10/turn

%: no passive effects
@: slowed, very slow
A: no striking features
a: no special abilities


You were on level 3 of the Dungeon.
You visited 1 branch of the dungeon, and saw 3 of its levels.

You collected 171 gold pieces.


   Skills:
 - Level 1.5 Fighting
 + Level 8.1 Ranged Weapons
 - Level 2.4 Dodging
 - Level 1.2 Stealth


You had 3 spell levels left.
You didn't know any spells.
Your spell library was empty.

Inventory:

Hand Weapons
 a - a +1 shortbow (weapon)
Armour
 f - a +1 ring mail (worn)
Scrolls
 c - a scroll of acquirement {unknown}
 e - 2 scrolls of revelation {unknown}
Potions
 b - a potion of invisibility {unknown}
 d - a potion of brilliance {unknown}
 g - a potion of haste {unknown}

Dungeon Overview and Level Annotations

Branches:
Dungeon (3/15)

Altars:
Makhleb

Shops:
D:2 *

Annotations:
D:3 Natasha


Message History

You feel yourself slow down.
You shoot an arrow. The arrow barely misses Natasha.
You shoot an arrow. The arrow barely misses Natasha.
You shoot an arrow.
The arrow hits Natasha but does no damage.
Natasha mumbles some strange words.
You shoot an arrow. The arrow barely misses Natasha.
Natasha mewls in sadness.
Natasha stares at you and mumbles some strange words.
You feel as though you will be slow longer.
Natasha barely misses you.
You shoot an arrow. The arrow hits Natasha.
Natasha is heavily wounded.
The cerulean imp hits you from afar with a +3 spear.
Natasha claws you. The cerulean imp closely misses you. Natasha claws you!
You shoot an arrow. The arrow hits Natasha.
Natasha is heavily wounded.
The cerulean imp hits you from afar with a +3 spear.
Natasha claws you. The cerulean imp closely misses you.
Natasha casts a spell.
Enter note:
Enter note: You shoot an arrow.
The arrow hits Natasha but does no damage.
Natasha is heavily wounded.
The cerulean imp closely misses you. Natasha claws you.
The cerulean imp hits you but does no damage.
The cerulean imp hits you from afar with a +3 spear.
You shoot an arrow. The arrow closely misses Natasha.
Natasha barely misses you.
The cerulean imp hits you but does no damage.
The cerulean imp barely misses you. Natasha barely misses you.
The cerulean imp closely misses you.
You shoot an arrow.
The arrow hits Natasha but does no damage.
Natasha is heavily wounded.
The cerulean imp hits you from afar with a +3 spear.
Natasha claws you but does no damage.
The cerulean imp hits you from afar with a +2 spear.
You die...

............#..#
..............##.##
......[........._..#
......(......>.#.#..
......................
......................
......................
................(...
......h@............
.....5#.##....#####
......#5##....# .....
#?##....# ....
#.##....# ..
#......... .
###########


You could see Natasha and 2 cerulean imps.

Vanquished Creatures
  A bombardier beetle (D:3)
  Terence (D:2)
  An adder (D:2)
  4 ribbon worms
  4 ball pythons (D:1)
  A bat (D:3)
  5 endoplasms
  5 giant cockroaches
  3 hobgoblins
  4 jackals (D:2)
  2 quokkas (D:1)
  3 frilled lizards (D:2)
  2 goblins (D:2)
  4 kobolds
  3 rats
43 creatures vanquished.

Notes
Turn   | Place    | Note
-------+----------+-------------------------------------------
     0 | D:1      | qw the Deep Elf Hunter began the quest for the Orb.
     0 | D:1      | Reached XP level 1. HP: 12/12 MP: 3/3
     0 | D:1      | 0 ||| qw: Version: 0.3-a-155-g5e7d8dd
     0 | D:1      | 0 ||| qw: Game counter: 2905
     0 | D:1      | 0 ||| qw: Melee chars always use a shield: true
     0 | D:1      | 0 ||| qw: God list: Okawaru
     0 | D:1      | 0 ||| qw: Allow faded altars: false
     0 | D:1      | 0 ||| qw: Do Orc after clearing Dungeon:15 true
     0 | D:1      | 0 ||| qw: Do second Lair branch before Depths: true
     0 | D:1      | 0 ||| qw: Lair rune preference: random
     0 | D:1      | 0 ||| qw: Goals: Normal
     0 | D:1      | 0 ||| PLANNING D:1-11
   152 | D:1      | Reached XP level 2. HP: 16/16 MP: 4/4
   171 | D:1      | Reached skill level 6 in Ranged Weapons
   316 | D:1      | Found a faded altar of an unknown god.
   575 | D:1      | 575 ||| READING scroll labelled PIPNEY JUFOMM.
   576 | D:1      | 576 ||| READING 2 scrolls labelled CANOCR BONOLE.
   577 | D:1      | 577 ||| READING scroll labelled LIRUGE ZE XEKO.
   607 | D:1      | 607 ||| READING scroll labelled JOAB DIVVUTUKK.
   607 | D:1      | 607 ||| IDENTIFYING scroll labelled UKHANLIFUOG
   608 | D:1      | 608 ||| DROPPING scroll of butterflies.
   609 | D:1      | 609 ||| DROPPING scroll of fog.
   610 | D:1      | 610 ||| DROPPING scroll of blinking.
   783 | D:2      | Reached XP level 3. HP: 20/20 MP: 5/5
   829 | D:2      | Noticed Terence
   838 | D:2      | Killed Terence
   839 | D:2      | Reached skill level 7 in Ranged Weapons
   903 | D:2      | Found Heefeum's General Store.
   946 | D:2      | Reached XP level 4. HP: 25/25 MP: 6/6
  1106 | D:2      | 1106 ||| UPGRADING to +0 ring mail.
  1116 | D:2      | 1116 ||| DROPPING +0 leather armour.
  1117 | D:2      | 1117 ||| DROPPING ring of magical power.
  1118 | D:2      | 1118 ||| READING scroll labelled UMENER PUERGHOC.
  1118 | D:2      | 1118 ||| ENCHANTING +0 ring mail.
  1119 | D:2      | 1119 ||| READING scroll labelled JEUNEGIGYI.
  1119 | D:2      | 1119 ||| ENCHANTING +0 shortbow.
  1188 | D:3      | Reached skill level 8 in Ranged Weapons
  1263 | D:3      | Found a burning altar of Makhleb.
  1283 | D:3      | Noticed Natasha
  1291 | D:3      | HP: 3/25 [cerulean imp/+3 spear[Natasha] (5)]
  1293 | D:3      | HP: 1/25 [cerulean imp/+3 spear[Natasha] (3)]
  1293 | D:3      | Slain by a cerulean imp

Levels and vault maps discovered:
D:1:      kilobyte_arrival_exit_the_forest, layout_rooms,
          chequers_ecumenical_altar_lobes
D:2:      layout_basic, serial_shops, nicolae_shop_tiny_waterfront,
          kennysheep_minor_cross, uniq_terence
D:3:      layout_basic, nicolae_qazlal_beasts_of_the_sky, lemuel_crystal_altar,
          vehumet_statue, uniq_robin, uniq_natasha

Skill      XL: |  1  2  3  4 |
---------------+-------------+-----
Ranged Weapons | 6 7 8 |  8.1
Fighting       | |  1.5
Dodging        | |  2.4
Stealth        | |  1.2

Action                     |  1- 3 |  4- 6 || total
---------------------------+-------+-------++-------
   Fire: Shortbow          |    91 |    46 ||   137
    Use: Scroll            |     4 |     2 ||     6
 Armour: Leather armour    |    13 |       ||    13
         Ring mail         |       |    14 ||    14
  Dodge: Dodged            |    17 |    10 ||    27

Table legend:
 A = Non-vault XP
 B = Vault XP
 C = Vault XP percentage of total XP
 D = Non-vault monster count
 E = Vault monster count
 F = Vault count percentage of total count
                 A         B        C        D         E       F
            +---------+---------+-------+---------+---------+-------
      Total |     132 |      36 |  21.4 |      42 |       1 |   2.3
            +---------+---------+-------+---------+---------+-------
        D:1 |      24 |       0 |   0.0 |      15 |       0 |   0.0
        D:2 |      49 |      36 |  42.4 |      19 |       1 |   5.0
        D:3 |      59 |       0 |   0.0 |       8 |       0 |   0.0
            +---------+---------+-------+---------+---------+-------
